 Dungeon Crawl Stone Soup version 0.21-a0-504-g2eda330 (webtiles) character file.

51 4thArraOfDagon the Firebug (level 3, -9/19 HPs)
             Began as a Deep Elf Fire Elementalist on Nov 26, 2017.
             Mangled by an orc priest
             ... wielding a +0 morningstar
              (13 damage)
             ... on level 3 of the Dungeon.
             The game lasted 00:01:52 (364 turns).

4thArraOfDagon the Firebug (DEFE)                    Turns: 364, Time: 00:01:53

Health: -9/19      AC:  3    Str:  5    XL:     3   Next: 58%
Magic:  2/10       EV: 13    Int: 20    God:
Gold:   0          SH:  0    Dex: 15    Spells: 5/9 levels left

rFire    . . .     SeeInvis .   (no weapon)
rCold    . . .     Gourm    .   (no shield)
rNeg     . . .     Faith    .   a - +0 robe
rPois    .         Spirit   .   (no helmet)
rElec    .         Reflect  .   e - +0 cloak
rCorr    .         Harm     .   (no gloves)
MR       .....                  (no boots)
Stlth    ++........             (no amulet)
HPRegen  0.06/turn              (no ring)
MPRegen  0.12/turn              (no ring)

@: no status effects
A: no striking features
a: no special abilities


You were on level 3 of the Dungeon.
You were not hungry.

You visited 1 branch of the dungeon, and saw 3 of its levels.

Inventory:

Armour
 a - a +0 robe (worn)
 e - a +0 cloak (worn)
Potions
 d - a potion of resistance
Books
 b - a book of Flames

   Spells                             Type                      Level
   a - Flame Tongue                   Conjuration/Fire             1
   b - Throw Flame                    Conjuration/Fire             2
   c - Conjure Flame                  Conjuration/Fire             3
   d - Inner Flame                    Hexes/Fire                   3
   e - Sticky Flame                   Conjuration/Fire             4
   f - Fireball                       Conjuration/Fire             5
Comestibles
 c - a bread ration


   Skills:
 - Level 2.4 Dodging
 - Level 2.4 Stealth
 + Level 3.6 Spellcasting
 * Level 2.5 Conjurations
 * Level 4.1 Fire Magic


You had 5 spell levels left.
You knew the following spells:

 Your Spells              Type           Power        Failure   Level  Hunger
a - Flame Tongue          Conj/Fire      ###..        3%          1    None
b - Conjure Flame         Conj/Fire      ###.....     10%         3    ###....


Dungeon Overview and Level Annotations

Branches:
Dungeon (3/15)

Altars:


Message History

Casting: Flame Tongue
Confirm with . or Enter, or press ? or * to list all spells.
Aiming: Flame Tongue
Press: ? - help, Shift-Dir - straight line, f - orc priest
Aim: an orc priest, wielding a morningstar and wearing a ring mail The flame tongue hits the orc priest.
The orc priest is lightly wounded.
The orc priest hits you with a morningstar!
Ouch! That really hurt!
* * * LOW HITPOINT WARNING * * *
Casting: Flame Tongue
Confirm with . or Enter, or press ? or * to list all spells.
Aiming: Flame Tongue
Press: ? - help, Shift-Dir - straight line, f/p - orc priest
Aim: an orc priest, wielding a morningstar and wearing a ring mail (lightly wounded)
The flame tongue hits the orc priest.
The orc priest is severely wounded.
The orc priest hits you with a morningstar!
Ouch! That really hurt!
You die...

###.#...... ...
#.....# .# ...
#.#.#####.# #.#
##.#.......# #.#
#.....)..### #.#
#..#####.# ##†##
#....# #.# ##...##
#.##.# #.###.....##
#.##@# #.##.......###
#.#o..##.#.........##
.........'.........'.
###.....##....<..(.##
##..#.###.......###
#..#.# ##.....## #
#..#.# ##...## #
#..#. ##'## # .. #.#
#


You could see an orc priest.

Vanquished Creatures
  An orc wizard (D:3)
  An orc (D:3)
  3 goblins
  3 hobgoblins (D:3)
  3 jackals (D:3)
  A quokka (D:3)
  2 bats
  2 frilled lizards (D:3)
  3 kobolds (D:1)
  2 rats
21 creatures vanquished.

Notes
Turn   | Place    | Note
-------+----------+-------------------------------------------
     0 | D:1      | 4thArraOfDagon the Deep Elf Fire Elementalist began the quest for the Orb.
     0 | D:1      | Reached XP level 1. HP: 10/10 MP: 6/6
    96 | D:3      | Reached XP level 2. HP: 13/15 MP: 5/8
   357 | D:3      | Reached skill level 4 in Fire Magic
   357 | D:3      | Reached XP level 3. HP: 15/19 MP: 3/10
   362 | D:3      | Learned a level 3 spell: Conjure Flame
   364 | D:3      | Mangled by an orc priest

Vault maps used:
D:1:      erik_arrival_gehennom
D:2:      overflow_temple_1_default, overflow_temple_1_default, uniq_jessica
D:3:      grunt_ministairs_13

Skill      XL: |  1  2 |
---------------+-------+-----
Conjurations   | 2 |  2.5
Fire Magic     | 4 |  4.1
Dodging        | |  2.4
Stealth        | |  2.4
Spellcasting   | |  3.6

Action                   || total
-------------------------++-------
Melee: Unarmed           ||     3
 Cast: Flame Tongue      ||    39
  Use: Scroll            ||     1
Armor: Robe              ||     8
Dodge: Dodged            ||    16

Table legend:
 A = Spawn XP
 B = Non-spawn XP
 C = Spawn XP percentage of total XP
 D = Spawn monster count
 E = Non-spawn monster count
 F = Spawn count percentage of total count
 G = Total turns spent on level
                    A         B        C        D         E        F      G
               +---------+---------+-------+---------+---------+-------+---------
         Total |       0 |      74 |   0.0 |       0 |      21 |   0.0 |   364
               +---------+---------+-------+---------+---------+-------+---------
           D:1 |       0 |      11 |   0.0 |       0 |       7 |   0.0 |    86
           D:3 |       0 |      63 |   0.0 |       0 |      14 |   0.0 |   268
               +---------+---------+-------+---------+---------+-------+---------
